[Event "Titled Tuesday Blitz June 6 Late 2023"]
[White "Kovalevsky, Stanislav"]
[Black "Prydun, Andriy"]
[WhiteFideId "13508598"]
[BlackFideId "14145898"]
[WhiteElo "2112"]
[BlackElo "2164"]
[Result "1/2-1/2"]
[Round "7"]
[TimeControl "180+2"]
[Date "2023.06.07"]
[WhiteClock "0:00:04"]
[BlackClock "0:00:06"]
[Board "99"]

1. c4 Nf6 2. Nc3 g6 3. g3 Bg7 4. Bg2 O-O 5. Nf3 d6 6. b4 e5 7. O-O Nc6 8. b5 Nd4 9. Nxd4 exd4 10. Nd5 d3 11. Bb2 Nxd5 12. Bxg7 Kxg7 13. Bxd5 Bg4 14. f3 Bh3 15. Re1 c6 16. Be4 dxe2 17. Qb3 Qb6+ 18. Qe3 Be6 19. Qxb6 axb6 20. d3 d5 21. bxc6 bxc6 22. cxd5 cxd5 23. Rxe2 dxe4 24. dxe4 Ra3 25. Rf2 Rfa8 26. Rb2 Rxa2 27. Raxa2 Rxa2 28. Rxb6 Bh3 29. Rb1 Rg2+ 30. Kh1 Rf2 31. f4 Rf1+ 32. Rxf1 Bxf1 33. Kg1 Bh3 34. Kf2 Bc8 35. Ke3 Kf6 36. Kd4 Ke6 37. h4 f6 38. g4 h6 39. f5+ gxf5 40. exf5+ Kd6 41. Ke4 Ke7 42. Kf4 Kf7 43. Ke4 Bb7+ 44. Kf4 Bc6 45. Kg3 Ke7 46. Kf4 Kf7 47. Kg3 Ba8 48. Kf4 Bb7 49. Kg3 Bc6 50. Kf4 Bd7 51. Kg3 Bc8 52. Kf4 Ke7 53. Ke4 Kd6 54. Kf4 Bb7 55. g5 Ke7 56. Kg4 Kf7 57. Kh5 Kg7 58. gxf6+ Kxf6 59. Kxh6 Be4 60. h5 Bd5 61. Kh7 Be4 62. Kg8 Bd5+ 63. Kh7 Be4 64. h6 Bxf5+ 65. Kg8 Be4 66. h7 Bxh7+ 1/2-1/2


[Site "https://www.chess.com"]

[Event "Titled Tuesday Blitz June 6 Late 2023"]
[White "Liu, Eric"]
[Black "Yanayt, Eugene"]
[WhiteFideId "30960240"]
[BlackFideId "2020165"]
[WhiteElo "2094"]
[BlackElo "2083"]
[Result "1-0"]
[Round "7"]
[TimeControl "180+2"]
[Date "2023.06.07"]
[WhiteClock "0:01:17"]
[BlackClock "0:00:57"]
[Board "100"]

1. b3 e5 2. Bb2 Nc6 3. e3 d6 4. h4 Be6 5. h5 Qd7 6. d4 O-O-O 7. d5 Bxd5 8. Qxd5 Nb4 9. Qd2 d5 10. a3 Nc6 11. Bb5 a6 12. Bxc6 Qxc6 13. Bxe5 Nf6 14. Nf3 Ne4 15. Qd1 f6 16. Bb2 Bd6 17. Nbd2 Nc3 18. Bxc3 Qxc3 19. O-O g5 20. Qe2 c5 21. Qd3 Qa5 22. Qf5+ Kb8 23. Rfd1 Rhf8 24. c4 g4 25. Qxg4 Rg8 26. Qf5 Qc7 27. cxd5 Qg7 28. Qh3 Rde8 29. Nc4 Qe7 30. Nxd6 Qxd6 31. Qh2 Qxh2+ 32. Kxh2 1-0


[Site "https://www.chess.com"]

[Event "Titled Tuesday Blitz June 6 Late 2023"]
[White "Krzywda, Andrzej"]
[Black "Eidelman, Gabriel"]
[WhiteFideId "1114565"]
[BlackFideId "30910544"]
[WhiteElo "2138"]
[BlackElo "2450"]
[Result "1-0"]
[Round "7"]
[TimeControl "180+2"]
[Date "2023.06.07"]
[WhiteClock "0:00:26"]
[BlackClock "0:00:03"]
[Board "101"]

1. e4 e6 2. d4 d5 3. Nc3 Nf6 4. e5 Nfd7 5. f4 c5 6. Nf3 Nc6 7. Be3 a6 8. Qd2 b5 9. Bd3 b4 10. Na4 Qa5 11. Nxc5 Nxc5 12. dxc5 Bxc5 13. O-O Qb6 14. Bxc5 Qxc5+ 15. Kh1 a5 16. Qe2 Bd7 17. a3 Nd4 18. Qf2 bxa3 19. Rxa3 Rb8 20. Qxd4 Qxd4 21. Nxd4 Rxb2 22. Rxa5 O-O 23. h4 f6 24. exf6 Rxf6 25. Ra7 Be8 26. Ra8 Kf7 27. h5 Ke7 28. Ra7+ Kf8 29. Re1 Rb6 30. g3 Bxh5 31. Kg2 h6 32. Rc7 Bf7 33. Rc6 Rxc6 34. Nxc6 g5 35. Ne5 Kg7 36. fxg5 hxg5 37. Rf1 Rxf1 38. Kxf1 Kf6 39. Nxf7 Kxf7 40. Kf2 Kf6 41. Ke3 e5 42. Bf1 e4 43. Bh3 Ke5 44. c3 Kd6 45. Kd4 Kc6 46. Be6 Kd6 47. Bxd5 e3 48. Bf3 e2 49. Bxe2 1-0


[Site "https://www.chess.com"]

[Event "Titled Tuesday Blitz June 6 Late 2023"]
[White "Arnold, Ken"]
[Black "Pavlidou, Ekaterini"]
[WhiteFideId "2056836"]
[BlackFideId "4213262"]
[WhiteElo "2443"]
[BlackElo "2126"]
[Result "0-1"]
[Round "7"]
[TimeControl "180+2"]
[Date "2023.06.07"]
[WhiteClock "0:00:01"]
[BlackClock "0:00:14"]
[Board "102"]

1. d4 Nf6 2. Nf3 e6 3. g3 c5 4. Bg2 cxd4 5. Nxd4 Nc6 6. Nxc6 bxc6 7. c4 d5 8. O-O Be7 9. Nc3 O-O 10. e4 Ba6 11. cxd5 Bxf1 12. Kxf1 cxd5 13. exd5 exd5 14. Nxd5 Nxd5 15. Bxd5 Bc5 16. Qf3 Rb8 17. b3 Bd4 18. Rb1 Qf6 19. Bf4 Be5 20. Bxe5 Qxe5 21. Rc1 Rbd8 22. Rc5 Qd4 23. Ra5 Rd7 24. Kg2 Qd2 25. Rc5 Qd4 26. Ra5 Qb6 27. Ra4 Rfd8 28. Bc4 Kh8 29. h4 f6 30. h5 Rd2 31. h6 gxh6 32. Ra6 Qd4 33. Rxf6 Qc5 34. Rf7 Qd6 35. Qf5 Qc6+ 36. Qf3 Qxf3+ 37. Kxf3 Rxa2 38. g4 a5 39. Kg3 Rc2 40. Be6 h5 41. Bf5 Rc3+ 42. f3 hxg4 43. Rxh7+ Kg8 44. Kxg4 Rd4+ 45. f4 Rxb3 46. Ra7 Rb5 47. Be6+ Kf8 48. Kf3 a4 49. f5 Rbb4 50. Ke3 Re4+ 51. Kd3 Rf4 0-1


[Site "https://www.chess.com"]

[Event "Titled Tuesday Blitz June 6 Late 2023"]
[White "Przybylski, Wojciech"]
[Black "Kohler, Aran"]
[WhiteFideId "1117599"]
[BlackFideId "1002856"]
[WhiteElo "2228"]
[BlackElo "2328"]
[Result "1-0"]
[Round "7"]
[TimeControl "180+2"]
[Date "2023.06.07"]
[WhiteClock "0:00:07"]
[BlackClock "0:00:17"]
[Board "103"]

1. e4 c6 2. d4 d5 3. Nc3 dxe4 4. Nxe4 Bf5 5. Ng3 Bg6 6. h4 h6 7. N1e2 e6 8. Nf4 Bh7 9. Bc4 Bd6 10. Ngh5 Bxf4 11. Bxf4 Kf8 12. Be5 Nf6 13. O-O Nxh5 14. Qxh5 Bg6 15. Qf3 Kg8 16. h5 Bxc2 17. Qg4 Qg5 18. Qe2 Bf5 19. f4 Qg4 20. Rf3 Nd7 21. Bd6 Qxh5 22. Qf2 Bg4 23. Rg3 Nf6 24. Re1 Rd8 25. Be7 Rd7 26. Bxf6 gxf6 27. Rxe6 f5 28. Qe3 Kh7 29. Rf6 Rhd8 30. d5 cxd5 31. Bd3 d4 32. Qe5 Rd5 33. Rxf5 Qxf5 34. Bxf5+ Kg8 35. Rxg4+ Kf8 36. Qg7+ Ke7 37. Be4 Rc5 38. f5 d3 39. f6+ Ke6 40. Bf3 d2 41. Re4+ Kf5 42. Qg4+ Kxf6 43. Qh4+ Kg7 44. Qxd8 Rc1+ 45. Kh2 d1=Q 46. Bxd1 Rxd1 47. Qxd1 Kf6 48. Rf4+ Kg7 49. Qg4+ Kf8 50. Qc8+ Ke7 51. Qc7+ Ke6 52. Qxf7+ Ke5 53. Qf6+ Kd5 54. b4 1-0


[Site "https://www.chess.com"]

[Event "Titled Tuesday Blitz June 6 Late 2023"]
[White "Pace, Christopher"]
[Black "QuiesPrecatio"]
[WhiteFideId "2610167"]
[WhiteElo "2333"]
[BlackElo "2437"]
[Result "1/2-1/2"]
[Round "7"]
[TimeControl "180+2"]
[Date "2023.06.07"]
[WhiteClock "0:00:03"]
[BlackClock "0:00:17"]
[Board "104"]

1. e4 c6 2. d4 d5 3. Nc3 dxe4 4. Nxe4 Bf5 5. Ng3 Bg6 6. N1e2 e6 7. Nf4 Bd6 8. h4 Qc7 9. Nxg6 hxg6 10. Ne4 Be7 11. g3 Nf6 12. Ng5 Nbd7 13. Bd3 Bd6 14. Qe2 Nb6 15. c4 c5 16. d5 e5 17. a4 O-O-O 18. a5 Na8 19. a6 b6 20. Kf1 Qe7 21. Bd2 Rde8 22. Re1 Nc7 23. Kg2 Ref8 24. f4 Nd7 25. Bc3 f6 26. Nf3 Re8 27. Bxg6 e4 28. Nd2 f5 29. Bxf5 e3 30. Ne4 Kb8 31. Nxd6 Qxd6 32. Bxd7 Qxd7 33. Be5 Ka8 34. Qxe3 Nxa6 35. Qf3 Nb4 36. Ra1 Kb7 37. Rhe1 a5 38. Bc3 Nc2 39. Rxe8 Rxe8 40. Rc1 Ne3+ 41. Kh2 Ng4+ 42. Kg2 Ne3+ 43. Kh2 Ng4+ 44. Kg2 Ne3+ 1/2-1/2


[Site "https://www.chess.com"]

[Event "Titled Tuesday Blitz June 6 Late 2023"]
[White "Matthew_Clarke"]
[Black "Dedona, Mark"]
[BlackFideId "30920256"]
[WhiteElo "2270"]
[BlackElo "2074"]
[Result "0-1"]
[Round "7"]
[TimeControl "180+2"]
[Date "2023.06.07"]
[WhiteClock "0:00:17"]
[BlackClock "0:01:52"]
[Board "105"]

1. d4 Nf6 2. c4 c5 3. d5 e6 4. Nf3 exd5 5. cxd5 d6 6. Nc3 g6 7. e4 a6 8. a4 Bg4 9. Qb3 Bxf3 10. Qxb7 Nbd7 11. gxf3 Bg7 12. Qb3 O-O 13. Be2 Nh5 14. h4 Be5 15. Bh6 Re8 16. Qc2 Qa5 17. Kf1 Rab8 18. Qd2 Ndf6 19. Kg2 Rb3 20. Rhb1 Reb8 21. Bc4 Bxc3 0-1


[Site "https://www.chess.com"]

[Event "Titled Tuesday Blitz June 6 Late 2023"]
[White "Boder, Jan"]
[Black "Amanov, Zhanibek"]
[WhiteFideId "16243226"]
[BlackFideId "13700189"]
[WhiteElo "2241"]
[BlackElo "2134"]
[Result "1-0"]
[Round "7"]
[TimeControl "180+2"]
[Date "2023.06.07"]
[WhiteClock "0:00:09"]
[BlackClock "0:00:11"]
[Board "106"]

1. d4 d5 2. c4 c6 3. cxd5 cxd5 4. Nc3 Nf6 5. Bg5 Nc6 6. Nf3 e6 7. e3 Be7 8. Bd3 O-O 9. O-O b6 10. a3 Bb7 11. b4 Rc8 12. Rc1 h6 13. Bh4 Ne4 14. Bxe7 Nxe7 15. Qb3 Nf5 16. Rc2 Nfd6 17. Rfc1 Nxc3 18. Rxc3 Qe7 19. Kf1 Rxc3 20. Rxc3 Rc8 21. Qc2 Qd8 22. Rxc8 Qxc8 23. Qxc8+ Bxc8 24. Ke2 f6 25. Kd2 Kf8 26. Kc3 Ke7 27. Nd2 e5 28. f4 exf4 29. exf4 Bf5 30. Be2 g5 31. g3 h5 32. fxg5 fxg5 33. Bf3 Ke6 34. h4 gxh4 35. gxh4 Nb5+ 36. Kb2 Nxd4 37. Bxh5 Ke5 38. Bf7 Be6 39. Bg6 Ne2 40. h5 Nf4 41. Be8 Bg4 42. h6 Bf5 43. Nf3+ Ke4 44. Nh4 Bh7 45. Bc6 Ke5 46. Nf3+ Kd6 47. Ng5 Bg6 48. Ba4 Ne6 49. Nxe6 Kxe6 50. Bc2 Kf6 51. h7 Bxh7 52. Bxh7 Ke5 53. Kc3 Kd6 54. Kd2 Ke5 55. Kd3 Kd6 56. Bg8 Kc6 57. Kd4 Kb5 58. Kc3 Ka4 59. Kb2 d4 60. Bb3+ Kb5 61. Kc2 a5 62. bxa5 Kxa5 63. Kd3 Kb5 64. Kxd4 Ka5 65. Kc4 Ka6 66. Kb4 Ka7 67. Kb5 Kb7 68. Bd5+ Ka7 69. a4 Kb8 70. Kxb6 Kc8 71. a5 Kb8 72. a6 1-0


[Site "https://www.chess.com"]

[Event "Titled Tuesday Blitz June 6 Late 2023"]
[White "Jaivardhan Raj"]
[Black "Sairam, Pranav"]
[WhiteFideId "25744437"]
[BlackFideId "30951330"]
[WhiteElo "1772"]
[BlackElo "1918"]
[Result "1-0"]
[Round "7"]
[TimeControl "180+2"]
[Date "2023.06.07"]
[WhiteClock "0:02:39"]
[BlackClock "0:01:35"]
[Board "107"]

1. e4 e5 2. d4 exd4 3. Qxd4 Nc6 4. Qe3 d6 5. Nc3 Nf6 6. Bd2 Be6 7. O-O-O Qd7 8. f4 Bg4 9. Re1 Qe7 10. f5 O-O-O 11. h3 Bh5 12. g4 Bxg4 13. hxg4 Nxg4 14. Qg3 Nge5 15. Nd5 Qd7 16. f6 1-0


[Site "https://www.chess.com"]

[Event "Titled Tuesday Blitz June 6 Late 2023"]
[White "Belov, Alexei"]
[Black "sebastianmarinp"]
[WhiteFideId "4128206"]
[WhiteElo "2618"]
[BlackElo "2365"]
[Result "1/2-1/2"]
[Round "7"]
[TimeControl "180+2"]
[Date "2023.06.07"]
[WhiteClock "0:02:11"]
[BlackClock "0:00:43"]
[Board "108"]

1. e4 e5 2. Nf3 Nc6 3. Bb5 a6 4. Ba4 Nf6 5. d4 exd4 6. O-O Be7 7. e5 Ne4 8. Nxd4 Nxd4 9. Qxd4 Nc5 10. Nc3 O-O 11. Nd5 Nxa4 12. Qxa4 d6 13. Nxe7+ Qxe7 14. exd6 Qxd6 15. Bf4 Qb6 16. b3 Bf5 17. c4 c5 18. Rad1 Rfd8 19. h3 h6 20. Qa3 Qc6 21. Qa5 b6 22. Rxd8+ Rxd8 23. Qxa6 Ra8 24. Qb5 Qxb5 25. cxb5 Rxa2 26. Bc7 Rb2 27. Bxb6 Rxb3 28. Bxc5 Rxb5 29. Be3 Rb1 30. Rxb1 Bxb1 31. f3 Bd3 32. Kf2 f6 33. g4 1/2-1/2


[Site "https://www.chess.com"]

[Event "Titled Tuesday Blitz June 6 Late 2023"]
[White "Stachanczyk, Jacek"]
[Black "Gomez Ledo, Roberto Carlos"]
[WhiteFideId "1116657"]
[BlackFideId "3507076"]
[WhiteElo "2084"]
[BlackElo "2378"]
[Result "1/2-1/2"]
[Round "7"]
[TimeControl "180+2"]
[Date "2023.06.07"]
[WhiteClock "0:00:05"]
[BlackClock "0:00:05"]
[Board "109"]

1. e4 e5 2. Nc3 Nc6 3. Bc4 Bc5 4. d3 Nf6 5. f4 O-O 6. Nf3 exf4 7. Bxf4 d6 8. Qd2 Be6 9. Bxe6 fxe6 10. e5 dxe5 11. Nxe5 Nxe5 12. Bxe5 Ng4 13. Bg3 Bf2+ 14. Bxf2 Rxf2 15. Ne2 Rxg2 16. O-O-O Qd6 17. h3 Nf2 18. Rdg1 Nxh1 19. Rxg2 Rf8 20. Qg5 g6 21. Qb5 Qd5 22. Qxd5 exd5 23. Kd2 Nf2 24. b4 Nxh3 25. b5 Nf4 26. Nxf4 Rxf4 27. c3 Kg7 28. Ke3 Rf5 29. Kd4 h5 30. a4 b6 31. Re2 h4 32. Re7+ Rf7 33. Re5 Rd7 34. Ke3 Kh6 35. Kf4 Rf7+ 36. Kg4 Rf5 37. Re7 h3 38. Kxh3 Rf3+ 39. Kg4 Rxd3 40. Rxc7 d4 41. c4 Rc3 42. Kf4 g5+ 43. Ke4 d3 44. Ke3 Kh5 45. Rxa7 Rxc4 46. Kxd3 Rf4 47. a5 bxa5 48. Rxa5 Rb4 49. Kc3 Rb1 50. Kc2 Rb4 51. Kc3 Rb1 52. Kc2 Rb4 53. Kc3 1/2-1/2


[Site "https://www.chess.com"]

[Event "Titled Tuesday Blitz June 6 Late 2023"]
[White "Mazurkiewicz, Michal"]
[Black "Palencia Morales, Wilson Guillermo"]
[WhiteFideId "1124943"]
[BlackFideId "4401859"]
[WhiteElo "2063"]
[BlackElo "2144"]
[Result "1-0"]
[Round "7"]
[TimeControl "180+2"]
[Date "2023.06.07"]
[WhiteClock "0:00:07"]
[BlackClock "0:00:05"]
[Board "110"]

1. e4 c5 2. Nf3 d6 3. g3 g6 4. Bg2 Bg7 5. O-O Nc6 6. d3 e5 7. Nc3 Nge7 8. Nd2 O-O 9. Nc4 Be6 10. Nd5 f5 11. a4 Qd7 12. c3 Rae8 13. f4 exf4 14. gxf4 Bf7 15. a5 Nxd5 16. exd5 Ne7 17. Ne3 h6 18. Qa4 Qc7 19. Bd2 Kh7 20. Qc4 Rc8 21. Be1 Ng8 22. h4 Nf6 23. Bf3 Rfe8 24. Bf2 h5 25. Kg2 Bh6 26. Rfe1 Re7 27. Bg3 Rce8 28. Nc2 Rxe1 29. Bxe1 Ng4 30. Bxg4 fxg4 31. Kf1 Rf8 32. Bg3 Qd7 33. Re1 Bg8 34. Kg2 Rf5 35. Ne3 Rf6 36. b4 cxb4 37. Qxb4 Bg7 38. Nc4 Rf5 39. Ne3 Rf6 40. c4 Rf8 41. Rb1 Rf7 42. Qb5 Qe7 43. Re1 Qd8 44. a6 bxa6 45. Qxa6 Re7 46. f5 gxf5 47. Qxd6 Qxd6 48. Bxd6 Rd7 49. Nxf5 Bc3 50. Re7+ Rxe7 51. Nxe7 a5 52. Ba3 Bf7 53. Nc6 Kg7 54. d6 Be8 55. Nb8 Bf6 56. d7 Bg6 57. Nc6 Bxd3 58. Be7 Be4+ 59. Kg3 Bxe7 60. Nxe7 1-0


[Site "https://www.chess.com"]

[Event "Titled Tuesday Blitz June 6 Late 2023"]
[White "Olsson, William"]
[Black "SergioMoralesG"]
[WhiteFideId "1741721"]
[WhiteElo "2197"]
[BlackElo "2476"]
[Result "1-0"]
[Round "7"]
[TimeControl "180+2"]
[Date "2023.06.07"]
[WhiteClock "0:00:55"]
[BlackClock "0:01:33"]
[Board "112"]

1. c4 c5 2. g3 Nc6 3. Bg2 g6 4. Nc3 Bg7 5. e3 e6 6. Nge2 Nge7 7. O-O O-O 8. d4 cxd4 9. Nxd4 a6 10. Nde2 Qc7 11. b3 b5 12. cxb5 axb5 13. Bb2 b4 14. Nb5 Qb8 15. Bxg7 Kxg7 16. Nd6 Ba6 17. Re1 Ne5 18. Bxa8 Qxa8 19. Nd4 N7c6 20. Nxc6 Qxc6 21. e4 Nd3 22. e5 Nxe1 23. Qxe1 f6 24. exf6+ Rxf6 25. Ne8+ Kf7 26. Nxf6 Kxf6 27. Qxb4 Bb7 28. f3 Qxf3 29. Rf1 1-0


[Site "https://www.chess.com"]

[Event "Titled Tuesday Blitz June 6 Late 2023"]
[White "Gerbelli Neto, Eduardo"]
[Black "ArchibaldCerveza29"]
[WhiteFideId "2103281"]
[WhiteElo "2178"]
[BlackElo "2468"]
[Result "0-1"]
[Round "7"]
[TimeControl "180+2"]
[Date "2023.06.07"]
[WhiteClock "0:00:41"]
[BlackClock "0:01:21"]
[Board "113"]

1. e4 e5 2. Nf3 Nc6 3. d4 exd4 4. Bc4 Nf6 5. e5 d5 6. Bb5 Ne4 7. Nxd4 Bd7 8. Bxc6 bxc6 9. O-O Bc5 10. Be3 Bb6 11. f3 Ng5 12. f4 Ne4 13. Nd2 Nxd2 14. Qxd2 c5 15. Nb3 d4 16. Bf2 Bc6 17. f5 Qd5 18. Qg5 Kd7 19. e6+ Kc8 20. Qxg7 Kb7 21. exf7 Rhg8 22. fxg8=Q Rxg8 23. Qxg8 Qxg8 24. Bg3 Qd5 25. Rf2 c4 26. Nd2 d3 27. Nf3 Bxf2+ 28. Bxf2 dxc2 29. Bd4 Qxf5 30. Kf2 Qd3 31. Be3 a5 32. Rc1 a4 33. Ne1 Qf5+ 34. Ke2 Be4 35. Kd2 Qa5+ 36. Ke2 Qd5 37. Nf3 Qb5 0-1


[Site "https://www.chess.com"]

[Event "Titled Tuesday Blitz June 6 Late 2023"]
[White "Holtel, Jasper"]
[Black "Rios Escobar, Adan"]
[WhiteFideId "12956376"]
[BlackFideId "3403645"]
[WhiteElo "2412"]
[BlackElo "2463"]
[Result "1-0"]
[Round "7"]
[TimeControl "180+2"]
[Date "2023.06.07"]
[WhiteClock "0:00:18"]
[BlackClock "0:00:08"]
[Board "114"]

1. e4 c5 2. Nf3 d6 3. d4 cxd4 4. Nxd4 Nf6 5. Nc3 a6 6. Bc4 e6 7. Bb3 b5 8. Bg5 Be7 9. Qf3 h6 10. Bh4 Ra7 11. O-O-O Qc7 12. Kb1 O-O 13. g4 Nc6 14. Ndxb5 axb5 15. Nxb5 Qa5 16. Nxa7 Nxa7 17. Qe2 Bb7 18. f4 g5 19. fxg5 hxg5 20. Be1 Qe5 21. Bc3 Qxe4 22. Qf2 Nxg4 23. Qxa7 Ra8 24. Qb6 Qc6 25. Qd4 Ne5 26. Rhg1 Qa6 27. h4 g4 28. Rxg4+ Nxg4 29. Qg7# 1-0


[Site "https://www.chess.com"]

[Event "Titled Tuesday Blitz June 6 Late 2023"]
[White "Estrada Nieto, Julian"]
[Black "Celestino, Rafael Teixeira"]
[WhiteFideId "5101018"]
[BlackFideId "2108925"]
[WhiteElo "2161"]
[BlackElo "2306"]
[Result "0-1"]
[Round "7"]
[TimeControl "180+2"]
[Date "2023.06.07"]
[WhiteClock "0:00:05"]
[BlackClock "0:02:34"]
[Board "115"]

1. e4 e5 2. Nf3 Nc6 3. Bb5 Nf6 4. O-O a6 5. Bxc6 dxc6 6. Nxe5 Bd6 7. Nf3 Bf4 8. d3 Bxc1 9. Qxc1 O-O 10. Nc3 Bg4 11. Qf4 Qd7 12. Ne5 Qe6 13. Nxg4 Nxg4 14. d4 Nh6 15. Qxc7 Rad8 16. d5 cxd5 17. exd5 Qg4 18. Qxb7 Rd6 19. Rfe1 Nf5 20. Re4 Qg5 21. Qc7 Rg6 22. g3 Nh4 0-1


[Site "https://www.chess.com"]

[Event "Titled Tuesday Blitz June 6 Late 2023"]
[White "Cardozo Munar, Carlos Eduardo"]
[Black "Shapiro, Viktor"]
[WhiteFideId "4409477"]
[BlackFideId "4175700"]
[WhiteElo "2067"]
[BlackElo "2212"]
[Result "1-0"]
[Round "7"]
[TimeControl "180+2"]
[Date "2023.06.07"]
[WhiteClock "0:00:13"]
[BlackClock "0:00:12"]
[Board "116"]

1. d4 Nf6 2. Bg5 c5 3. c3 Qb6 4. Qb3 cxd4 5. Qxb6 axb6 6. cxd4 Nc6 7. Bxf6 gxf6 8. Nf3 Nb4 9. Kd2 e6 10. a3 d5 11. Nc3 Bd7 12. e3 Rg8 13. g3 Nc6 14. Bd3 f5 15. Rac1 Bh6 16. Nb5 Ke7 17. Ne5 Rgc8 18. Nxd7 Kxd7 19. Rc3 Ne7 20. Rhc1 Rxc3 21. Rxc3 Rc8 22. Rxc8 Nxc8 23. Kc3 Bf8 24. Kb3 Ne7 25. Nc3 Nc6 26. Ka4 Kc7 27. Bb5 f6 28. f4 Be7 29. Bd3 Nd8 30. h3 h6 31. g4 fxg4 32. hxg4 Nf7 33. Nb5+ Kd8 34. Kb3 Nd6 35. Nc3 Ke8 36. Kc2 Kf7 37. Kd2 Bd8 38. Ke2 Be7 39. Kf3 Bf8 40. Kg3 Be7 41. Kh4 f5+ 42. g5 hxg5+ 43. fxg5 Kg6 44. Kg3 Bxg5 45. Kf3 Kf6 46. Nb5 Ne4 47. Nc7 Ke7 48. Na8 Nd2+ 49. Ke2 Nb3 50. Nxb6 Kd6 51. Na4 Na5 52. b4 Nc6 53. Nc5 b6 54. Na4 Kc7 55. Bb5 Ne7 56. Nb2 Nc8 57. Nd3 Nd6 58. Ba6 Kc6 59. Ne5+ Kc7 60. a4 Bh4 61. a5 bxa5 62. bxa5 Bd8 63. Bd3 Kb7 64. a6+ Ka7 65. Nc6+ Kb6 66. Nxd8 Nc8 67. Nxe6 Na7 68. Ng7 f4 69. exf4 Nc6 70. Ke3 Nb4 71. f5 Nc6 72. f6 Kc7 73. f7 1-0


[Site "https://www.chess.com"]

[Event "Titled Tuesday Blitz June 6 Late 2023"]
[White "Ogreberbere"]
[Black "Omariev, Maksim"]
[BlackFideId "4193423"]
[WhiteElo "2188"]
[BlackElo "2411"]
[Result "0-1"]
[Round "7"]
[TimeControl "180+2"]
[Date "2023.06.07"]
[WhiteClock "0:00:01"]
[BlackClock "0:00:02"]
[Board "118"]

1. d4 d5 2. c4 e6 3. Nf3 Nf6 4. g3 Be7 5. Bg2 O-O 6. O-O dxc4 7. Qc2 a6 8. a4 Nc6 9. Qxc4 Nb4 10. Bg5 b5 11. Qc1 Bb7 12. Rd1 h6 13. Bxf6 Bxf6 14. Nc3 Rb8 15. axb5 axb5 16. Ra7 Bxf3 17. Bxf3 Bxd4 18. Rb7 Rxb7 19. Bxb7 Qf6 20. Qf4 Bxc3 21. bxc3 Qxc3 22. Rc1 Qb2 23. Rxc7 Nd5 24. Bxd5 exd5 25. Rb7 Qxe2 26. Qd6 Qc4 27. Qd7 b4 28. Rc7 Qd3 29. Rb7 b3 30. Qb5 Qb1+ 31. Kg2 Qe4+ 32. Kg1 Qb1+ 33. Kg2 Rc8 34. Qxb3 Qe4+ 35. Kh3 Rf8 36. Rb8 Qe6+ 37. Kg2 Qe4+ 0-1


[Site "https://www.chess.com"]

[Event "Titled Tuesday Blitz June 6 Late 2023"]
[White "Kujawski, Adam"]
[Black "Francisco_Ferrari"]
[WhiteFideId "1100920"]
[WhiteElo "2054"]
[BlackElo "2187"]
[Result "1/2-1/2"]
[Round "7"]
[TimeControl "180+2"]
[Date "2023.06.07"]
[WhiteClock "0:00:09"]
[BlackClock "0:00:16"]
[Board "119"]

1. e4 c5 2. Nf3 d6 3. d4 cxd4 4. Nxd4 Nf6 5. Nc3 a6 6. Bg5 e6 7. f4 Be7 8. Qf3 Qc7 9. O-O-O Nbd7 10. Bd3 b5 11. Rhe1 Bb7 12. Qg3 O-O-O 13. e5 dxe5 14. fxe5 Nh5 15. Qh4 Bxg5+ 16. Qxg5 g6 17. Bxb5 axb5 18. Ndxb5 Qa5 19. Nd6+ Kb8 20. Nxf7 Rhf8 21. Nxd8 Qxd8 22. Qxd8+ Rxd8 23. Rf1 Bxg2 24. Rf7 Bc6 25. b4 Rc8 26. b5 Nxe5 27. Rxh7 Bf3 28. Re1 Ng4 29. Kb2 e5 30. a4 Ngf6 31. Re7 Rxc3 32. R1xe5 Rc8 33. a5 Nd5 34. Rd7 Nb4 35. c3 Bg4 36. Rd4 Nf6 37. Rxb4 Bf5 38. a6 Ne4 39. b6 Nc5 40. Rxc5 Rxc5 41. a7+ Kb7 42. c4 Ka8 43. Kc3 Bc8 44. Kd4 Rc6 45. c5 Bb7 46. Rc4 Rf6 47. Rc3 Rf4+ 48. Ke5 Rf5+ 49. Ke6 Bd5+ 50. Kd6 Kb7 51. c6+ Bxc6 52. Re3 Rf6+ 53. Re6 Rxe6+ 54. Kxe6 Kxb6 55. Kf6 Be4 56. Kg5 Kxa7 57. h4 Kb6 58. h5 gxh5 59. Kxh5 1/2-1/2


[Site "https://www.chess.com"]

[Event "Titled Tuesday Blitz June 6 Late 2023"]
[White "Abduzhaparov"]
[Black "Winkels, Marcel"]
[BlackFideId "1003887"]
[WhiteElo "2403"]
[BlackElo "1900"]
[Result "1-0"]
[Round "7"]
[TimeControl "180+2"]
[Date "2023.06.07"]
[WhiteClock "0:02:51"]
[BlackClock "0:00:52"]
[Board "120"]

1. Nf3 Nf6 2. c4 g6 3. Nc3 Bg7 4. e4 d6 5. d4 O-O 6. Be3 e5 7. dxe5 dxe5 8. Qxd8 Rxd8 9. Nd5 Nxd5 10. cxd5 c6 11. Bc4 cxd5 12. Bxd5 Nc6 13. O-O-O Bg4 14. h3 Bxf3 15. gxf3 Rac8 16. Kb1 h6 17. Bxc6 Rxd1+ 18. Rxd1 Rxc6 19. Bxa7 Bf8 20. Rd8 Kg7 21. Bb8 Re6 22. Rd5 f6 23. Rd7+ Kg8 24. Rxb7 Bc5 25. Ba7 Bb4 26. Rxb4 1-0


[Site "https://www.chess.com"]

[Event "Titled Tuesday Blitz June 6 Late 2023"]
[White "MrAnnihilation"]
[Black "Cluke86"]
[WhiteElo "2401"]
[BlackElo "2147"]
[Result "1/2-1/2"]
[Round "7"]
[TimeControl "180+2"]
[Date "2023.06.07"]
[WhiteClock "0:00:10"]
[BlackClock "0:00:03"]
[Board "121"]

1. e4 d6 2. d4 Nf6 3. Nc3 e5 4. dxe5 dxe5 5. Qxd8+ Kxd8 6. Bc4 Ke8 7. f3 c6 8. Be3 Nbd7 9. Nge2 Bc5 10. Kf2 a5 11. a4 Ke7 12. Nc1 Bxe3+ 13. Kxe3 Nb6 14. Bb3 Be6 15. Bxe6 Kxe6 16. Nb3 Nfd7 17. Ke2 Rhd8 18. Rhd1 Nc4 19. Ra2 b6 20. Nb1 Nf8 21. Rxd8 Rxd8 22. N1d2 Nd6 23. Nc1 Kd7 24. Nd3 f6 25. c3 Ne6 26. Ke3 Ra8 27. g3 b5 28. f4 Nc4+ 29. Ke2 Kd6 30. b3 Nxd2 31. Rxd2 exf4 32. gxf4 Ke7 33. Ke3 Rd8 34. Ra2 Ra8 35. f5 Nc7 36. axb5 cxb5 37. b4 a4 38. Nf4 Rd8 39. Nd3 Kd6 40. h4 Na8 41. Rg2 Rd7 42. Rd2 Kc6 43. Rg2 Nb6 44. e5 Nc4+ 45. Ke4 Re7 46. e6 Nd6+ 47. Kf4 Nc4 48. Nc5 a3 49. Ra2 Kd5 50. h5 Ne5 51. Rxa3 Kc4 52. Ke4 Nc6 53. Ra6 Nxb4 54. cxb4 Kxb4 55. Nb7 Rxb7 56. Rd6 Rb8 57. Rd7 Kc5 58. Rxg7 b4 59. Rf7 b3 60. Rxf6 b2 61. e7 b1=Q+ 62. Ke5 Qe1+ 63. Kf4 Qh4+ 64. Ke5 Qxh5 65. Re6 Re8 66. Kf6 Qh6+ 67. Kf7 Qh5+ 68. Kf6 Qh6+ 69. Kf7 Qh5+ 70. Kf6 1/2-1/2


[Site "https://www.chess.com"]

[Event "Titled Tuesday Blitz June 6 Late 2023"]
[White "Buchenau, Frank"]
[Black "Hartikainen, Jarmo"]
[WhiteFideId "4604350"]
[BlackFideId "503134"]
[WhiteElo "2157"]
[BlackElo "2136"]
[Result "1-0"]
[Round "7"]
[TimeControl "180+2"]
[Date "2023.06.07"]
[WhiteClock "0:02:06"]
[BlackClock "0:00:28"]
[Board "122"]

1. e4 c5 2. Nf3 Nc6 3. Bb5 g6 4. Bxc6 dxc6 5. d3 Bg4 6. Nbd2 Bg7 7. h3 Bxf3 8. Qxf3 e5 9. O-O Nf6 10. Nc4 Qe7 11. Bg5 h6 12. Bh4 b5 13. Ne3 Qe6 14. a4 O-O 15. axb5 cxb5 16. Bxf6 Bxf6 17. Nd5 Bd8 18. Qe3 Kg7 19. Qxc5 a6 20. Qe3 Rc8 21. c3 f5 22. f4 exf4 23. Nxf4 Qb6 24. Qxb6 Bxb6+ 25. d4 fxe4 26. Ne6+ Kg8 27. Rxf8+ Rxf8 28. Nxf8 Kxf8 29. Rxa6 1-0


[Site "https://www.chess.com"]